 Dungeon Crawl Stone Soup version 0.26.1-2-gb8aa6d0cf2 (webtiles) character file.

Game seed: 9378986736504642500

490284 phalm the Hoplite (level 24, -5/176 HPs)
             Began as a Gargoyle Fighter on Mar 9, 2021.
             Was the Champion of Okawaru.
             Splashed by a deep elf sorcerer's acid (11 damage)
             ... on level 3 of the Elven Halls on Mar 30, 2021.
             The game lasted 03:52:01 (57185 turns).

phalm the Hoplite (Gargoyle Fighter)               Turns: 57185, Time: 03:52:02

Health: -5/176     AC: 48    Str: 28    XL:     24   Next: 71%
Magic:  33/36      EV: 12    Int:  9    God:    Okawaru [******]
Gold:   320        SH: 32    Dex:  9    Spells: 31/41 levels left

rFire    + + .     SeeInvis +   C - +9 demon whip (elec)
rCold    + + .     Faith    .   s - +3 tower shield
rNeg     + + .     Spirit   .   M - +9 shadow dragon scales of Pantheism {Rampage rF+ Str-2 Stlth++++}
rPois    ∞         Reflect  +   P - +2 hat {SInv}
rElec    +         Harm     .   L - scarf {rC+ rF+}
rCorr    .         Rampage  +   R - +3 pair of gauntlets of War {Slay+5}
Will     ++++.     Clarity  +   c - +2 pair of boots {run}
Stlth    ++........             F - amulet "Tuovoth" {Reflect *Corrode Fragile Will++ Slay+5 SH+5}
HPRegen  0.39/turn              u - ring of positive energy
MPRegen  0.25/turn              Z - ring of protection from cold

@: finesse, corroded, quick
A: big wings, blink, clarity, dopey 1, strong-willed 1, negative energy
resistance 1, robust 1, electricity resistance, unbreathing, evolution 1,
petrification resistance, miasma immunity, MP-powered wands, AC +18
}: 3/15 runes: serpentine, barnacled, silver
a: Fly, Blink, Renounce Religion, Heroism, Finesse


You were on level 3 of the Elven Halls.
You worshipped Okawaru.
Okawaru was exalted by your worship.
You visited 7 branches of the dungeon, and saw 39 of its levels.
You also visited: Bailey and Wizlab.

You collected 6886 gold pieces.
You spent 6566 gold pieces at shops.

Inventory:

Hand Weapons
 C - a +9 demon whip of electrocution (weapon)
Missiles
 q - 2 boomerangs of dispersal (quivered)
Armour
 c - a +2 pair of boots of running (worn)
 s - a +3 tower shield (worn)
 J - a +2 cloak of willpower
 L - a scarf of resistance (worn)
 M - the +9 shadow dragon scales of Pantheism (worn) {Rampage rF+ Str-2 Stlth++++}
   (You bought it in a shop on level 4 of the Snake Pit)

   It affects your strength (-2).
   It protects you from fire.
   It bestows one free step when moving towards enemies.
   It makes you much more stealthy.
 P - a +2 hat of see invisible (worn)
 R - the +3 pair of gauntlets of War (worn) {Slay+5}
   (You bought it in a shop on level 4 of the Snake Pit)

   It affects your accuracy and damage with ranged weapons and melee attacks
   (+5).
 X - a +3 plate armour of positive energy
Jewellery
 j - the ring of the Wild Haggis {Fire Will+ Int+3}
   (You bought it in a shop on level 3 of the Vaults)

   [ring of fire]

   It enhances your fire magic.
   It affects your intelligence (+3).
   It protects you from fire.
   It makes you vulnerable to cold.
   It affects your willpower, your defense against some magical effects.
 u - a ring of positive energy (left hand)
 v - the amulet "Bingink" {Reflect rElec Str+5 Int-5 Dex+3 SH+5}
   (You acquired it on level 2 of the Shoals)

   [amulet of reflection]

   It shields you and reflects attacks.
   It affects your strength (+5).
   It affects your intelligence (-5).
   It affects your dexterity (+3).
   It insulates you from electricity.
   It affects your SH (+5).
 F - the amulet "Tuovoth" (around neck) {Reflect *Corrode Fragile Will++ Slay+5 SH+5}
   (You found it in a wizard's laboratory)

   [amulet of reflection]

   It shields you and reflects attacks.
   It affects your accuracy and damage with ranged weapons and melee attacks
   (+5).
   It affects your willpower, your defense against some magical effects.
   It may corrode you when you take damage.
   It will be destroyed if unequipped.
   It affects your SH (+5).
 Z - a ring of protection from cold (right hand)
Wands
 z - a wand of iceblast (3)
 A - a wand of paralysis (22)
 G - a wand of digging (7)
 K - a wand of disintegration (19)
Scrolls
 e - 18 scrolls of remove curse
 h - 2 scrolls of silence
 k - 14 scrolls of teleportation
 n - 4 scrolls of amnesia
 t - 2 scrolls of immolation
 y - 7 scrolls of torment
 B - 6 scrolls of magic mapping
 H - 2 scrolls of blinking
 O - 2 scrolls of fear
 Q - 3 scrolls of holy word
 T - 6 scrolls of summoning
 V - 7 scrolls of fog
Potions
 a - 5 potions of attraction
 b - a potion of ambrosia
 d - 7 potions of might
 f - 4 potions of berserk rage
 g - 2 potions of brilliance
 i - 11 potions of curing
 l - 3 potions of magic
 m - 2 potions of haste
 r - 4 potions of lignification
 w - 3 potions of resistance
 D - 8 potions of heal wounds
 S - 2 potions of invisibility
Miscellaneous
 x - a phantom mirror
 N - a condenser vane
 Y - a lightning rod (4/4)


   Skills:
 * Level 19.1 Fighting
 - Level 15.1 Maces & Flails
 * Level 19.1 Armour
 + Level 9.4 Dodging
 * Level 21.0 Shields
 - Level 9.0 Spellcasting
 - Level 7.0 Translocations
 - Level 7.0 Transmutations
 - Level 7.0 Air Magic
 + Level 2.1 Earth Magic
 + Level 15.4 Invocations
 - Level 7.0 Evocations


You had 31 spell levels left.
You knew the following spells:

 Your Spells              Type           Power        Failure   Level
a - Swiftness             Air            16%          7%          2
b - Wereblood             Tmut           16%          7%          2
c - Beastly Appendage     Tmut           32%          4%          1
d - Blink                 Tloc           N/A          7%          2
e - Apportation           Tloc           32%          4%          1
f - Passwall              Tmut/Erth      10%          19%         2

Your spell library contained the following spells:

 Spells                   Type           Power        Failure   Level
 Gell's Gravitas          Tloc           8%           13%         3
 Lesser Beckoning         Tloc           8%           13%         3
 Teleport Other           Tloc           16%          13%         3
 Shock                    Conj/Air       40%          19%         1
 Corpse Rot               Necr/Air       N/A          28%         2
 Poisonous Vapours        Pois/Air       20%          28%         2
 Airstrike                Air            8%           41%         4
 Passage of Golubria      Tloc           N/A          41%         4
 Spider Form              Tmut/Pois      5%           50%         3
 Static Discharge         Conj/Air       10%          50%         3
 Animate Skeleton         Necr           8%           61%         1
 Foxfire                  Conj/Fire      16%          61%         1
 Magic Dart               Conj           16%          61%         1
 Pain                     Necr           16%          61%         1
 Ignite Poison            Fire/Tmut/Pois 8%           67%         3
 Mephitic Cloud           Conj/Pois/Air  8%           67%         3
 Call Imp                 Summ           4%           75%         2
 Slow                     Hex            4%           75%         2
 Petrify                  Tmut/Erth      12%          77%         4
 Blade Hands              Tmut           8%           77%         5
 Ice Form                 Ice/Tmut       10%          88%         4
 Iskenderun's Mystic Bla  Conj/Tloc      10%          88%         4
 Call Canine Familiar     Summ           4%           93%         3
 Conjure Flame            Conj/Fire      4%           93%         3
 Tukima's Dance           Hex            4%           93%         3
 Vampiric Draining        Necr           2%           93%         3
 Alistair's Intoxication  Tmut/Pois      6%           99%         5
 Irradiate                Conj/Tmut      5%           99%         5
 Lightning Bolt           Conj/Air       5%           99%         5
 Silence                  Hex/Air        5%           99%         5
 Yara's Violent Unravell  Hex/Tmut       5%           99%         5
 Animate Dead             Necr           2%           100%        4
 Cause Fear               Hex            2%           100%        4
 Hailstorm                Conj/Ice       4%           100%        4
 Agony                    Necr           4%           100%        5
 Bolt of Magma            Conj/Fire/Erth 2%           100%        5
 Iskenderun's Battlesphe  Conj           4%           100%        5
 Metabolic Englaciation   Hex/Ice        2%           100%        5
 Death Channel            Necr           2%           100%        6
 Eringya's Noxious Bog    Tmut/Pois      5%           100%        6
 Freezing Cloud           Conj/Ice/Air   4%           100%        6
 Hydra Form               Tmut           8%           100%        6
 Invisibility             Hex            4%           100%        6
 Iron Shot                Conj/Erth      2%           100%        6
 Ozocubu's Refrigeration  Ice            2%           100%        6
 Shadow Creatures         Summ           N/A          100%        6
 Simulacrum               Ice/Necr       2%           100%        6
 Dragon Form              Tmut           8%           100%        7
 Orb of Destruction       Conj           2%           100%        7
 Spellforged Servitor     Conj/Summ      2%           100%        7
 Discord                  Hex            2%           100%        8
 Sublimation of Blood     Necr           Unusable     N/A         2
 Statue Form              Tmut/Erth      Unusable     N/A         6

Dungeon Overview and Level Annotations

Branches:
Dungeon (15/15)            Temple (0/1) D:6            Lair (6/6) D:9
 Shoals (4/4) Lair:4        Snake (4/4) Lair:3        Slime (0/5) Lair:5
    Orc (2/2) D:12            Elf (3/3) Orc:2        Vaults (5/5) D:14
  Crypt (0/3) Vaults:2     Depths (0/5) D:15         Bailey (visited)
 WizLab (visited)

Altars:
Ashenzari
Cheibriados
Makhleb
Okawaru
Qazlal
Uskayaw
Wu Jian
Xom
Yredelemnul
Beogh

Shops:
D:6 (   D:12 (([(*   Orc:1 [   Orc:2 **}?[   Elf:1 ?   Elf:3 [   Snake:4 ([**
Vaults:2 *   Vaults:3 =![}(   Vaults:4 [

Portals:
Abyss: D:15
Pandemonium: Orc:2

Annotations:
Lair:1 exclusion: oklob plant
Lair:3 exclusion: oklob plant
Elf:3 Nikola


Innate Abilities, Weirdness & Mutations

You are resistant to torment.
Your stone body is resilient. (AC +18)
You are immune to poison.
Your large and strong wings let you fly indefinitely.
You resist negative energy. (rN+)
You are resistant to electric shocks. (rElec)
You can survive without breathing.
You are immune to petrification.
You are immune to miasma.
You can translocate small distances at will.
You possess an exceptional clarity of mind.
You are dopey. (Int -2)
You are strong-willed. (Will+)
You are robust. (+10% HP)
You evolve.
You expend magic power (3 MP) to strengthen your wands.


Message History

The deep elf sorcerer points at you and mumbles some strange words.
The bolt of acid hits you!!
* * * LOW HITPOINT WARNING * * *
You are splashed with acid!
* * * LOW HITPOINT WARNING * * *
Your corrosive artefact corrodes you!
Nikola the Mad Inventor comes into view.
He is wielding a +2 falchion of electrocution.
You closely miss the deep elf sorcerer.
The deep elf sorcerer is moderately wounded.
You barely miss the deep elf sorcerer.
The deep elf sorcerer is moderately wounded.
The deep elf sorcerer hits you but does no damage.
Things that are here:
a +3 war axe of electrocution; a +0 leather armour; an elf corpse The deep elf annihilator seems less brilliant.
The deep elf sorcerer gestures at you while chanting.
The bolt of acid hits you!!
* * * LOW HITPOINT WARNING * * *
Your corrosive artefact corrodes you!
You are splashed with acid!
You die...

,,+,,,,⌠,,,,#.§e#,,,,⌠,,,,+,,#...
,,*,,,,,,***#)))#***,,,,,,*,,#...
,,**,,**** #(#@# ****,,**,,##'#
,,,**+* #)#.# *+**,,,#... *,,,,,*
#e#.# *,,,,,##... **,,,,* #)e.#
*,,,,##....
,***##########)#############.....
,,,,#......#..))....'...........#
,,,,+......#....@...#..........##
,,,,#......'........#.........##.
+*#######'#########)#'#########..
,,..................).........)..
,,...............)............'..
##########)'####################.
≈≈≈≈≈≈≈≈≈≈..≈≈≈≈≈≈≈≈≈≈≈≈≈≈≈≈≈≈≈##
≈≈≈≈≈≈≈≈≈≈..≈≈≈≈≈≈≈≈≈≈≈≈≈≈≈≈≈≈≈≈#
...........)..................≈≈≈


You could see a deep elf annihilator and a deep elf sorcerer (fast).

Vanquished Creatures
  An ancient lich (Vaults:5)
  The ghost of Nesuiq the Merfolkian Porcupine, a legendary MfWz of the Shining One (Vaults:2)
  Frederick (Vaults:4)
  Xtahua (Vaults:4)
  The ghost of Bananafolds the Warrior, an adept NaVM of Cheibriados (D:15)
  A golden dragon (Vaults:5)
  A mutant beast (WizLab)
  Asterion (Snake:4)
  2 liches (Vaults:5)
  A tentacled monstrosity (Vaults:5)
  3 deep elf blademasters
  6 titans
  A deep elf master archer (Elf:3)
  A sphinx (Vaults:5)
  A kraken (Shoals:2)
  Frances (D:12)
  Gastronok (Lair:2)
  Agnes (Elf:2)
  Kirke (Snake:3)
  A storm dragon (Vaults:5)
  Ilsuiw (Shoals:3)
  2 tengu reavers (Vaults:5)
  A revenant (Vaults:2)
  The ghost of OceanMan the Blocker, a journeyman MiFi of Trog (D:13)
  Donald (Shoals:1)
  A shadow dragon (shapeshifter) (Vaults:5)
  7 fire giants
  2 orc warlords
  A fire giant (shapeshifter) (WizLab)
  8 frost giants
  11 nagarajas
  Aizul (Snake:4)
  17 vault wardens
  Louise (Elf:3)
  6 deep elf sorcerers
  3 ghouls
  4 deep elf elementalists
  17 ironheart preservers
  2 war gargoyles (Vaults:5)
  5 stone giants
  16 very ugly things
  A vampire knight (Vaults:2)
  Nessos (Orc:2)
  8 deep elf annihilators
  2 entropy weavers
  9 deep elf demonologists
  4 eidola (Vaults:2)
  3 ettins
  Snorg (D:14)
  2 crystal guardians
  11 deep elf death magi
  An ettin (shapeshifter) (Vaults:5)
  4 merfolk javelineers
  6 merfolk impalers
  3 fire dragons
  4 great orbs of eyes
  26 vault guards
  12 naga warriors
  17 yaktaur captains
  A rakshasa (D:15)
  6 deep elf high priests
  8 hydras
  An ice dragon (Vaults:2)
  4 boulder beetles
  14 anacondas
  A boulder beetle (shapeshifter) (WizLab)
  A catoblepas (Lair:2)
  9 ogre magi
  4 death knights
  3 alligator snapping turtles
  A two-headed ogre (shapeshifter) (Vaults:4)
  5 merfolk avatars
  A queen ant (Lair:2)
  30 dancing weapons
  9 merfolk aquamancers
  9 centaur warriors
  26 two-headed ogres
  6 death yaks
  A deep troll earth mage (Vaults:3)
  2 satyrs
  2 tengu warriors
  5 deep troll shamans
  9 shock serpents
  4 orc high priests
  A sun demon (Orc:1)
  17 naga sharpshooters
  23 deep elf knights
  An iron golem (WizLab)
  A shadow wraith (Vaults:2)
  A salamander mystic (Snake:3)
  10 skeletal warriors
  The ghost of promet the Thaumaturge, a novice DEVM of Sif Muna (D:9)
  7 sea snakes
  2 gelid demonspawn (Orc:2)
  10 deep trolls
  10 naga ritualists
  3 unseen horrors
  A wizard (D:15)
  A flayed ghost (Vaults:2)
  A glowing orange brain (Vaults:2)
  18 harpies
  7 phantasmal warriors
  18 deep elf archers
  A harpy (shapeshifter) (WizLab)
  16 ironbrand convokers
  2 unseen horrors (shapeshifter)
  5 mana vipers
  An orb spider (shapeshifter) (WizLab)
  12 orc knights
  2 wolf spiders
  3 wolf spider zombies
  50 ugly things
  11 orc sorcerers
  69 deep elf magi
  8 cyclopes
  15 salamanders
  A worldbinder (D:15)
  8 fauns (Shoals:2)
  A guardian serpent (shapeshifter) (WizLab)
  2 salamanders (shapeshifter) (WizLab)
  6 merfolk sirens
  13 manticores
  13 elephants
  2 rust devils (Orc:2)
  A black mamba (shapeshifter) (WizLab)
  39 black mambas
  12 naga magi
  13 vault sentinels
  4 centaur zombies (D:14)
  13 guardian serpents
  A torpor snail (Lair:5)
  Psyche (D:10)
  6 water nymphs
  12 cane toads
  Maggie (D:8)
  4 gargoyles
  8 freezing wraiths
  2 elves (WizLab)
  3 demonic crawlers (D:13)
  8 komodo dragons
  8 rime drakes
  2 tengu conjurers
  36 yaktaurs
  An ice devil (D:13)
  A guardian mummy (D:14)
  A komodo dragon (shapeshifter) (WizLab)
  A yaktaur (shapeshifter) (WizLab)
  3 meliai
  9 trolls
  23 merfolk
  A meliai (shapeshifter) (WizLab)
  A hornet (shapeshifter) (Vaults:2)
  4 trolls (shapeshifter)
  A merfolk (shapeshifter) (WizLab)
  A jumping spider (Vaults:5)
  5 hornets
  A blink frog (shapeshifter) (WizLab)
  19 slime creatures
  2 polar bears (shapeshifter) (WizLab)
  A raiju (shapeshifter) (WizLab)
  Prince Ribbit (D:8)
  3 polar bears
  9 wind drakes
  10 dream sheep
  Grinder (D:4)
  4 centaur simulacra (D:13)
  4 snapping turtles (Shoals:4)
  A human simulacrum (Vaults:3)
  3 meliai zombies (D:14)
  3 air elementals (Elf:1)
  19 water elementals
  A vampire (D:15)
  9 small abominations (WizLab)
  3 redbacks
  A tarantella (Vaults:3)
  28 yaks
  2 tarantellas (shapeshifter) (WizLab)
  9 wraiths
  8 wyverns
  3 shadows
  7 hogs (Snake:3)
  4 humans (WizLab)
  A hog (shapeshifter) (WizLab)
  A steam dragon (Lair:4)
  3 fire elementals
  A human (shapeshifter) (WizLab)
  6 vampire mosquitoes (D:13)
  A chaos spawn (Orc:2)
  41 nagas
  3 wargs
  4 soldier ants (shapeshifter) (WizLab)
  A swamp worm (shapeshifter) (Vaults:5)
  3 acid dragons
  2 wargs (shapeshifter) (WizLab)
  7 large abominations (WizLab)
  A water moccasin (shapeshifter) (Vaults:4)
  An acid dragon (shapeshifter) (WizLab)
  27 water moccasins
  22 soldier ants
  4 floating eyes (WizLab)
  2 hornet zombies
  7 black bears
  6 sky beasts
  52 orc warriors
  8 wolves
  4 phantoms
  4 ice beasts
  32 ogres
  9 centaurs
  2 big kobolds
  20 bullfrogs
  An earth elemental (Elf:3)
  3 wyvern zombies (D:14)
  2 wyvern skeletons
  A water moccasin skeleton (D:10)
  8 scorpions
  13 killer bees
  10 wights
  An electric eel (Elf:3)
  2 bullfrog zombies
  5 hounds
  5 jellies
  A wyvern simulacrum (D:13)
  3 quasits
  3 centaur skeletons
  29 orc priests
  A bullfrog skeleton (D:7)
  A gnoll shaman (D:4)
  14 orc wizards
  4 iguanas
  Natasha (twice) (D:4)
  25 worker ants
  5 hell rats (Lair:4)
  A bullfrog simulacrum (D:13)
  4 hound zombies
  A hound skeleton (D:6)
  4 mummies (D:14)
  2 worker ant zombies
  Robin (D:2)
  13 gnolls
  A howler monkey skeleton (D:9)
  16 adders
  A shadow imp (D:8)
  5 white imps
  2 ufetubi
  2 oozes
  3 worms
  2 dart slugs
  2 leopard geckos
  111 orcs
  8 giant cockroaches
  14 goblins
  17 hobgoblins
  14 jackals
  8 quokkas
  A ball python (D:1)
  A ball python skeleton (D:4)
  15 bats
  5 frilled lizards
  A giant cockroach zombie (D:6)
  35 kobolds
  4 leopard gecko skeletons
  2 quokka zombies
  8 rats
  2 crawling corpses (Elf:3)
1889 creatures vanquished.

Vanquished Creatures (others)
  A nagaraja (Snake:4)
  An orc sorcerer (D:15)
  A raiju (D:15)
  An ogre (Vaults:4)
  An orc priest (Orc:1)
  An orc (Orc:2)
  41 fungi
  A lurking horror (D:15)
  103 plants
  4 tentacles (Shoals:2)
155 creatures vanquished.

Grand Total: 2044 creatures vanquished

Notes
Turn   | Place    | Note
-------+----------+-------------------------------------------
     0 | D:1      | phalm the Gargoyle Fighter began the quest for the Orb.
     0 | D:1      | Reached XP level 1. HP: 14/14 MP: 1/1
   194 | D:1      | Reached XP level 2. HP: 14/19 MP: 2/2
   694 | D:1      | Reached XP level 3. HP: 23/23 MP: 3/3
  1239 | D:2      | Found an iron altar of Okawaru.
  1277 | D:2      | Became a worshipper of Warmaster Okawaru
  1365 | D:2      | Reached skill level 4 in Shields
  1391 | D:2      | Reached XP level 4. HP: 29/29 MP: 4/4
  1778 | D:2      | Noticed Robin
  1801 | D:2      | Killed Robin
  1805 | D:2      | Reached XP level 5. HP: 20/33 MP: 5/5
  2199 | D:3      | Found a hide-covered altar of Uskayaw.
  2416 | D:3      | Found a stormy altar of Qazlal.
  2867 | D:3      | Found an ornate altar of the Wu Jian Council.
  2913 | D:3      | Found a burning altar of Makhleb.
  2953 | D:3      | Reached XP level 6. HP: 38/38 MP: 6/6
  3130 | D:4      | Noticed Grinder
  3141 | D:4      | Reached skill level 5 in Shields
  3166 | D:4      | Killed Grinder
  3167 | D:4      | Reached XP level 7. HP: 43/44 MP: 7/7
  3215 | D:4      | Learned a level 2 spell: Swiftness
  3284 | D:4      | Noticed Natasha
  3294 | D:4      | Killed Natasha
  3487 | D:4      | Noticed Natasha
  3509 | D:4      | Reached * piety under Okawaru
  3538 | D:4      | Killed Natasha
  3558 | D:4      | Reached skill level 6 in Shields
  3734 | D:4      | Reached skill level 1 in Invocations
  3742 | D:4      | Reached skill level 5 in Maces & Flails
  3794 | D:4      | Reached skill level 5 in Fighting
  3794 | D:4      | Reached skill level 5 in Armour
  3954 | D:5      | Entered Level 5 of the Dungeon
  4041 | D:5      | Reached XP level 8. HP: 49/49 MP: 9/9
  4363 | D:5      | Reached ** piety under Okawaru
  4623 | D:5      | Found a shimmering altar of Xom.
  4972 | D:6      | Reached skill level 7 in Shields
  5184 | D:6      | Reached XP level 9. HP: 47/55 MP: 11/11
  5266 | D:6      | Reached *** piety under Okawaru
  5400 | D:6      | Found Uraleoro's Weapon Emporium.
  5459 | D:6      | Found a staircase to the Ecumenical Temple.
  5704 | D:7      | Reached skill level 8 in Shields
  6468 | D:7      | Reached **** piety under Okawaru
  6735 | D:7      | Found a basalt altar of Yredelemnul.
  6739 | D:7      | Found a broken altar of Ashenzari.
  7181 | D:8      | Noticed Prince Ribbit
  7446 | D:8      | Killed Prince Ribbit
  7447 | D:8      | Reached skill level 9 in Shields
  7447 | D:8      | Reached XP level 10. HP: 55/61 MP: 13/13
  7759 | D:8      | Found a snail-covered altar of Cheibriados.
  7815 | D:8      | Noticed Maggie
  7815 | D:8      | Noticed a two-headed ogre
  7834 | D:7      | Killed a two-headed ogre
  7834 | D:7      | Reached ***** piety under Okawaru
  7835 | D:7      | Reached skill level 5 in Invocations
  8093 | D:8      | Killed Maggie
  8393 | D:9      | Found a staircase to the Lair.
  8434 | D:9      | Found a transporter.
  8439 | D:9      | Noticed promet's ghost (novice DEVM)
  8445 | D:9      | Found a transporter.
  8507 | D:9      | Noticed a deep elf mage
  8574 | D:9      | Found a flagged portal.
  8583 | Bailey   | Entered a bailey
  8811 | Bailey   | Reached skill level 10 in Shields
  9028 | D:9      | Received a gift from Okawaru
  9038 | D:9      | Reached XP level 11. HP: 24/67 MP: 9/15
  9425 | D:9      | Killed a deep elf mage
  9607 | D:9      | Killed an unseen horror
 10127 | D:9      | Killed promet's ghost
 10201 | D:10     | Entered Level 10 of the Dungeon
 10217 | D:10     | Noticed Psyche
 10224 | D:10     | Killed Psyche
 10308 | D:10     | Reached skill level 11 in Shields
 10569 | D:10     | Reached skill level 10 in Maces & Flails
 10904 | D:10     | Noticed a two-headed ogre
 10912 | D:10     | Killed a two-headed ogre
 11047 | D:10     | Noticed a two-headed ogre
 11053 | D:10     | Killed a two-headed ogre
 11053 | D:10     | Reached ****** piety under Okawaru
 11311 | Lair:1   | Entered Level 1 of the Lair of Beasts
 11406 | Lair:1   | Received a gift from Okawaru
 11427 | Lair:1   | Noticed an eight-headed hydra
 11439 | Lair:1   | Killed an eight-headed hydra
 11439 | Lair:1   | HP: 5/103 [black mamba (7)]
 11440 | Lair:1   | Reached XP level 12. HP: 6/75 MP: 17/17
 11817 | Lair:1   | Reached skill level 1 in Spellcasting
 11817 | Lair:1   | Reached skill level 1 in Evocations
 12010 | Lair:1   | Found a shimmering altar of Xom.
 12159 | Lair:1   | Reached skill level 1 in Air Magic
 12682 | Lair:2   | Noticed Gastronok
 12703 | Lair:2   | Killed Gastronok
 12704 | Lair:2   | Reached skill level 12 in Shields
 13032 | Lair:2   | Noticed a catoblepas
 13046 | Lair:2   | Killed a catoblepas
 13185 | Lair:2   | Noticed an eight-headed hydra
 13196 | Lair:2   | Killed an eight-headed hydra
 13574 | Lair:2   | Received a gift from Okawaru
 13577 | Lair:2   | Got a scorched demon whip {god gift}
 13578 | Lair:2   | Identified the +1 demon whip "Jaelyf" {drain, rElec Int+2}
                  | (Okawaru gifted it to you on level 2 of the Lair of Beasts)
 13588 | Lair:2   | Noticed a queen ant
 13615 | Lair:2   | Killed a queen ant
 13840 | Lair:2   | Reached XP level 13. HP: 80/80 MP: 19/19
 14496 | Lair:3   | Found a staircase to the Snake Pit.
 15219 | Lair:4   | Received a gift from Okawaru
 15239 | Lair:4   | Found a staircase to the Shoals.
 16446 | Lair:5   | Reached skill level 13 in Shields
 17054 | Lair:5   | Found a staircase to the Slime Pits.
 17462 | Lair:6   | Entered Level 6 of the Lair of Beasts
 17514 | Lair:6   | Reached skill level 10 in Armour
 17751 | Lair:5   | Reached skill level 10 in Fighting
 17762 | Lair:5   | Received a gift from Okawaru
 17769 | Lair:5   | Gained mutation: Your large and strong wings let you fly
                  | indefinitely. [Gargoyle growth]
 17769 | Lair:5   | Reached XP level 14. HP: 60/88 MP: 15/20
 18861 | Lair:6   | Reached skill level 5 in Spellcasting
 18936 | Lair:6   | Learned a level 2 spell: Wereblood
 18938 | Lair:6   | Learned a level 1 spell: Beastly Appendage
 19080 | Lair:6   | Received a gift from Okawaru
 19112 | Lair:6   | Got a crude cloak {god gift}
 19123 | Lair:6   | Identified the +2 cloak of Exclusion {+Blink +Fly Slay+2}
                  | (Okawaru gifted it to you on level 6 of the Lair of Beasts)
 19591 | D:11     | Reached skill level 14 in Shields
 19906 | D:11     | Reached skill level 1 in Transmutations
 19906 | D:11     | Reached skill level 5 in Evocations
 20415 | D:12     | Found Naistraiv's Antique Weapon Boutique.
 20415 | D:12     | Noticed Frances
 20429 | D:12     | Killed Frances
 20481 | D:12     | Found a staircase to the Orcish Mines.
 20550 | D:12     | Gained mutation: You can translocate small distances at
                  | will. [potion of mutation]
 20550 | D:12     | Gained mutation: You evolve. [potion of mutation]
 20550 | D:12     | Gained mutation: You expend magic power (3 MP) to
                  | strengthen your wands. [potion of mutation]
 20550 | D:12     | Gained mutation: You are strong-willed. (Will+) [potion of
                  | mutation]
 20626 | D:12     | Found Veclinn's Assorted Antiques.
 20635 | D:12     | Bought a scroll of identify for 50 gold pieces
 20635 | D:12     | Bought a coiled amber ring for 125 gold pieces
 20635 | D:12     | Bought a pearl-encrusted plate armour for 700 gold pieces
 20635 | D:12     | Bought a shiny iron ring for 125 gold pieces
 20635 | D:12     | Bought a runed helmet for 187 gold pieces
 20636 | D:12     | Identified the ring of Wafreeve {rElec rPois Str+2 Slay+4}
                  | (You bought it in a shop on level 12 of the Dungeon)
 20651 | D:12     | Identified the cursed +1 plate armour of the Moon {Int+3
                  | Stlth+} (You bought it in a shop on level 12 of the
                  | Dungeon)
 20821 | D:12     | Gained mutation: You are agile. (Dex +2) [evolution]
 20935 | D:12     | Found Kywolate's Antique Armour Shop.
 20938 | D:12     | Bought a glowing kite shield for 202 gold pieces
 20938 | D:12     | Bought a pair of runed boots for 202 gold pieces
 21138 | D:12     | Found Rioq Yqoa's Antique Weapon Boutique.
 21157 | D:12     | Found Osusye Suar's Antique Weapon Boutique.
 21344 | Orc:1    | Entered Level 1 of the Orcish Mines
 21347 | Orc:1    | Reached skill level 5 in Air Magic
 21428 | D:12     | Reached XP level 15. HP: 54/93 MP: 14/22
 21768 | Orc:1    | Received a gift from Okawaru
 21794 | D:12     | Reached skill level 10 in Invocations
 21978 | Orc:1    | Found Xoedabe's Antique Armour Boutique.
 22142 | Orc:1    | You are sucked into a shaft and drop 1 floor!
 22142 | Orc:2    | Entered Level 2 of the Orcish Mines
 22142 | Orc:2    | Noticed an orc warlord
 22157 | Orc:2    | Found a roughly hewn altar of Beogh.
 22236 | Orc:2    | Killed an orc warlord
 22471 | Orc:2    | Noticed Nessos
 22540 | Orc:2    | Killed Nessos
 22716 | Orc:2    | Found Vejeas's General Store.
 23157 | Orc:1    | Bought a pair of glowing boots for 232 gold pieces
 23167 | Orc:1    | Identified a +0 pair of boots of running (You bought it in
                  | a shop on level 1 of the Orcish Mines)
 23195 | Orc:2    | Found a staircase to the Elven Halls.
 23418 | Orc:2    | Found Veeh's General Store.
 23834 | Orc:2    | Found Myoroik's Magic Scroll Boutique.
 23860 | Orc:2    | Reached skill level 15 in Shields
 24974 | Orc:2    | Bought a scroll of identify for 24 gold pieces
 24974 | Orc:2    | Bought a scroll of identify for 24 gold pieces
 24974 | Orc:2    | Bought a scroll of identify for 24 gold pieces
 25190 | Orc:2    | Found Enlelaim's Gadget Shoppe.
 25190 | Orc:2    | Found Giowk's Antique Armour Emporium.
 25191 | Orc:2    | Found a one-way gate leading to the halls of Pandemonium.
 25436 | Orc:1    | Bought an encrusted chain mail for 294 gold pieces
 25446 | Orc:1    | Identified the +2 chain mail of Lasesywk {rF++ Regen+
                  | Int-5} (You bought it in a shop on level 1 of the Orcish
                  | Mines)
 25781 | D:13     | Received a gift from Okawaru
 25949 | D:13     | Found the +7 pair of quick blades "Gyre" and "Gimble"
                  | {protect}
 26279 | D:13     | Noticed OceanMan's ghost (journeyman MiFi)
 26307 | D:13     | Found a runed translucent gate.
 26324 | D:13     | Found a runed translucent gate.
 26325 | D:13     | Found a runed translucent gate.
 26649 | D:13     | Killed OceanMan's ghost
 26650 | D:13     | Reached XP level 16. HP: 100/101 MP: 24/24
 26671 | D:13     | Got the ring "Yfelysch" {Fire}
 26673 | D:13     | Identified the ring "Yfelysch" {Fire +Fly rPois Will+
                  | Str-4} (You found it on level 13 of the Dungeon)
 26768 | D:14     | Received a gift from Okawaru
 26779 | D:14     | Reached skill level 1 in Dodging
 26936 | D:14     | Noticed Snorg
 26988 | D:14     | Killed Snorg
 27274 | D:14     | Found a gate to the Vaults.
 27507 | D:15     | Entered Level 15 of the Dungeon
 27545 | D:14     | Received a gift from Okawaru
 27689 | D:15     | Found a transporter.
 27710 | D:15     | Identified the +9 glaive "Cirrac" {distort, rPois}
 27727 | D:15     | Found a transporter.
 27752 | D:15     | Noticed Bananafolds's ghost (adept NaVM)
 27944 | D:15     | Killed Bananafolds's ghost
 28072 | D:15     | Found a one-way gate to the infinite horrors of the Abyss.
 28140 | D:15     | Reached skill level 5 in Transmutations
 28234 | D:15     | Paralysed by an ogre mage for 2 turns
 28712 | D:15     | Found a staircase to the Depths.
 28819 | D:15     | Received a gift from Okawaru
 28822 | D:15     | Reached XP level 17. HP: 108/108 MP: 24/26
 28860 | D:15     | Got a distressingly furry robe {god gift}
 28871 | D:15     | Identified the +1 robe of Sompej {rF+ Int-5 Dex+7} (Okawaru
                  | gifted it to you on level 15 of the Dungeon)
 29377 | Shoals:1 | Entered Level 1 of the Shoals
 29522 | Shoals:1 | Got a pair of ancient gloves
 29537 | Shoals:1 | Noticed Donald
 29560 | Shoals:1 | Killed Donald
 29561 | Shoals:1 | Reached skill level 16 in Shields
 29570 | Shoals:1 | Identified the cursed +0 pair of gloves of Good Intentions
                  | {Rampage rN+ Str-4 SInv} (You found it on level 1 of the
                  | Shoals)
 30330 | Shoals:1 | Gained mutation: You possess an exceptional clarity of
                  | mind. [evolution]
 30683 | Shoals:2 | Identified a scroll of acquirement
 30684 | Shoals:2 | Acquired the amulet "Bingink" {Reflect rElec Str+5 Int-5
                  | Dex+3 SH+5}
 30771 | Shoals:2 | Received a gift from Okawaru
 31274 | Shoals:2 | Noticed a kraken
 31306 | Shoals:2 | Killed a kraken
 31781 | Shoals:3 | Received a gift from Okawaru
 31887 | Shoals:3 | Noticed Ilsuiw
 31931 | Shoals:3 | Killed Ilsuiw
 32588 | Lair:2   | Learned a level 2 spell: Blink
 32649 | Snake:1  | Entered Level 1 of the Snake Pit
 33132 | Snake:1  | Reached XP level 18. HP: 115/115 MP: 27/27
 33177 | Snake:1  | Reached skill level 1 in Translocations
 33981 | Snake:2  | You are sucked into a shaft and drop 1 floor!
 34505 | Snake:2  | Received a gift from Okawaru
 35252 | Snake:3  | Noticed Kirke
 35262 | Snake:3  | Received a gift from Okawaru
 35301 | Snake:3  | Killed Kirke
 35305 | Snake:3  | Lost intelligence.
 35463 | Snake:4  | Entered Level 4 of the Snake Pit
 35597 | Snake:4  | Noticed Asterion
 36116 | Snake:4  | Received a gift from Okawaru
 36131 | Snake:4  | Got a scorched longbow {god gift}
 36203 | Snake:4  | Found Xodiuq's Antique Armour Boutique.
 36205 | Snake:4  | Found Yvyimer's General Store.
 36205 | Snake:4  | Found Vesosm's Weapon Boutique.
 36207 | Snake:4  | Found Yniegac's General Store.
 36291 | Snake:4  | Reached skill level 17 in Shields
 36590 | Snake:4  | Reached XP level 19. HP: 91/121 MP: 29/29
 36718 | Snake:4  | Received a gift from Okawaru
 36898 | Snake:4  | Killed Asterion
 37163 | Snake:4  | Noticed Aizul
 37191 | Snake:4  | Killed Aizul
 37397 | Snake:4  | Received a gift from Okawaru
 37430 | Snake:4  | Reached skill level 5 in Dodging
 37532 | Snake:4  | Got a serpentine rune of Zot
 37718 | Snake:4  | Bought a shiny helmet for 195 gold pieces
 37743 | Snake:4  | Bought the +3 pair of gauntlets of War {Slay+5} for 1045
                  | gold pieces
 37743 | Snake:4  | Found the +3 pair of gauntlets of War {Slay+5}
 38402 | Shoals:4 | Entered Level 4 of the Shoals
 38965 | Shoals:4 | Reached skill level 15 in Armour
 39330 | Shoals:4 | Reached skill level 15 in Fighting
 40097 | Shoals:4 | Got a barnacled rune of Zot
 40308 | Shoals:4 | Acquired the +8 eveningstar of Rueloil {flame, rElec}
 40777 | Vaults:1 | Entered Level 1 of the Vaults
 40903 | Vaults:1 | Received a gift from Okawaru
 40906 | Vaults:1 | Got a spiked helmet {god gift}
 40917 | Vaults:1 | Identified the +0 helmet of Inference {Rampage rElec Str+3
                  | Slay-6} (Okawaru gifted it to you on level 1 of the Vaults)
 40953 | Vaults:1 | Reached XP level 20. HP: 129/129 MP: 30/30
 40978 | Vaults:1 | You are sucked into a shaft and drop 1 floor!
 41640 | Vaults:2 | Found Weamish's General Store.
 42025 | Vaults:2 | Reached skill level 18 in Shields
 42029 | Vaults:2 | Reached skill level 5 in Translocations
 42223 | Vaults:2 | Gained mutation: You are robust. (+10% HP) [evolution]
 42279 | Vaults:2 | Found a staircase to the Crypt.
 42391 | Vaults:2 | Found a runed translucent gate.
 42392 | Vaults:2 | Found a runed translucent gate.
 42393 | Vaults:2 | Found a runed translucent gate.
 42395 | Vaults:2 | Noticed Nesuiq's ghost (legendary MfWz)
 42520 | Vaults:1 | Received a gift from Okawaru
 42530 | Vaults:1 | Got an ichor-stained scale mail {god gift}
 42541 | Vaults:1 | Identified the +1 scale mail of Thoughtfulness {Int+3
                  | Slay+3} (Okawaru gifted it to you on level 1 of the Vaults)
 42695 | Vaults:1 | You are sucked into a shaft and drop 1 floor!
 43204 | Vaults:2 | Killed Nesuiq's ghost
 43686 | Vaults:1 | Reached XP level 21. HP: 145/149 MP: 31/31
 44488 | Vaults:3 | Found Qaovioshre's Jewellery Shoppe.
 44506 | Vaults:3 | Received a gift from Okawaru
 44844 | Vaults:3 | Found Poyg's Antique Weapon Shop.
 44869 | Vaults:3 | Got a smoking scale mail
 44880 | Vaults:3 | Identified the +1 scale mail of the Engineer {Will- Dex+5}
                  | (You found it on level 3 of the Vaults)
 44922 | Vaults:3 | Found Luppy's Armour Emporium.
 44927 | Vaults:3 | Found Oqym's Gadget Boutique.
 45061 | Vaults:3 | Found Cohifu's Distillery.
 45163 | Vaults:3 | Identified Sif Muna's Volume of Flying Summoning
 45462 | Vaults:3 | Bought the ring of the Wild Haggis {Fire Will+ Int+3} for
                  | 614 gold pieces
 45685 | Vaults:3 | Got a fine brass ring
 45972 | Vaults:3 | Identified the ring "Wuptan" {Wiz *Slow +Blink rC- Str+7}
                  | (You found it on level 3 of the Vaults)
 46011 | Vaults:4 | Found an ornate altar of the Wu Jian Council.
 46023 | Vaults:4 | Received a gift from Okawaru
 46562 | Vaults:4 | Noticed Xtahua
 46580 | Vaults:4 | Killed Xtahua
 46935 | Vaults:4 | Received a gift from Okawaru
 47001 | Vaults:4 | Noticed Frederick
 47063 | Vaults:4 | Killed Frederick
 47225 | Vaults:4 | Found Poomygoe's Antique Armour Shoppe.
 47233 | Vaults:4 | Bought a pitted cloak for 313 gold pieces
 47243 | Vaults:4 | Identified the +0 cloak of Hedge Wizardry {Rampage rC-
                  | Stlth+} (You bought it in a shop on level 4 of the Vaults)
 47539 | Vaults:4 | Reached skill level 19 in Shields
 47562 | Vaults:4 | Got a smouldering plate armour
 47573 | Vaults:4 | Identified the cursed +1 plate armour "Seiblur" {Rampage
                  | rN+} (You found it on level 4 of the Vaults)
 47592 | Vaults:4 | Learned a level 1 spell: Apportation
 47818 | Vaults:5 | Entered Level 5 of the Vaults
 47829 | Vaults:5 | Reached XP level 22. HP: 113/158 MP: 33/33
 47842 | Vaults:4 | Received a gift from Okawaru
 48920 | Vaults:5 | Reached skill level 15 in Maces & Flails
 49145 | Vaults:5 | Received a gift from Okawaru
 49518 | Vaults:5 | Acquired 965 gold pieces
 49642 | Vaults:5 | Received a gift from Okawaru
 49726 | Vaults:5 | Noticed a golden dragon
 49733 | Vaults:5 | Reached XP level 23. HP: 156/165 MP: 35/35
 49762 | Vaults:5 | Killed a golden dragon
 49762 | Vaults:5 | Received a gift from Okawaru
 49789 | Vaults:5 | Found the +3 salamander hide armour {Flames rF++ rC--}
 50296 | Vaults:5 | Got a masterwork hat {god gift}
 50307 | Vaults:5 | Identified the -3 hat "Qoheaghooq" {*Drain +Blink Str+2}
                  | (Okawaru gifted it to you on level 5 of the Vaults)
 50347 | Vaults:5 | Got a twisted plate armour
 50358 | Vaults:5 | Identified the +0 plate armour of Wrong Decisions {rF-
                  | rC+++ Int+2} (You found it on level 5 of the Vaults)
 50609 | Vaults:5 | Found the ring of Shadows {Umbra +Inv Stlth+}
 50631 | Vaults:5 | Got a silver rune of Zot
 50709 | Vaults:5 | Identified the +1 leather armour of Philately {rC+ Will+
                  | rCorr Int+4}
 50975 | Vaults:5 | Noticed an ancient lich
 50984 | Vaults:5 | Killed an ancient lich
 51062 | Vaults:5 | Identified the +2 leather armour of the Other World {Will+}
 51072 | Vaults:5 | Reached skill level 20 in Shields
 51358 | Vaults:5 | Identified Cixas's Tome of Attacks
 51367 | Vaults:5 | Identified the Compendium of Darkness and Lightness
 51980 | Elf:1    | Entered Level 1 of the Elven Halls
 52160 | Elf:1    | Identified Puthroh's Almanac of Battle Magic
 52508 | Elf:1    | Found Ihumeuzeeg's Magic Scroll Boutique.
 52613 | Elf:1    | Received a gift from Okawaru
 53562 | Elf:2    | Found a runed translucent gate.
 53562 | Elf:2    | Found a runed translucent gate.
 53583 | Elf:2    | Found a runed translucent gate.
 53817 | Elf:2    | Reached skill level 15 in Invocations
 53817 | Elf:2    | Reached XP level 24. HP: 159/174 MP: 36/36
 54015 | Elf:2    | Received a gift from Okawaru
 54026 | Elf:2    | Noticed Agnes
 54045 | Elf:2    | Killed Agnes
 54072 | Elf:2    | Got a jewelled chain mail {god gift}
 54073 | Elf:2    | Identified the +0 chain mail "Kuilotoe" {Int+4} (Okawaru
                  | gifted it to you on level 2 of the Elven Halls)
 54284 | Elf:3    | Entered Level 3 of the Elven Halls
 54330 | Elf:3    | Found a magical portal.
 54347 | WizLab   | Entered Cigotuvi's Fleshworks
 54605 | WizLab   | Gained mutation: You are dopey. (Int -2) [mutagenic glow]
 54817 | WizLab   | Paralysed by a floating eye for 3 turns
 54843 | WizLab   | Paralysed by a floating eye for 4 turns
 54896 | WizLab   | Got a coiled copper amulet
 54897 | WizLab   | Identified the amulet "Tuovoth" {Reflect *Corrode Fragile
                  | Will++ Slay+5 SH+5} (You found it in a wizard's laboratory)
 55454 | WizLab   | Identified Cigotuvi's Reference Book on Twisted
                  | Transformation
 55462 | WizLab   | Identified the Disquisition on Transmigration
 55686 | Elf:3    | Found Rekh's Armour Shoppe.
 55873 | Elf:3    | Lost mutation: You are agile. (Dex +2) [evolution]
 56502 | Snake:4  | Bought pearl-encrusted shadow dragon scales for 2210 gold
                  | pieces
 56512 | Snake:4  | Identified the +9 shadow dragon scales of Pantheism
                  | {Rampage rF+ Str-2 Stlth++++} (You bought it in a shop on
                  | level 4 of the Snake Pit)
 56748 | Lair:2   | Learned a level 2 spell: Passwall
 56948 | Elf:3    | Noticed Louise
 56964 | Elf:3    | Killed Louise
 56982 | Elf:3    | Received a gift from Okawaru
 57062 | Elf:3    | Reached skill level 1 in Earth Magic
 57070 | Elf:3    | Identified the ring "Ilaepsin" {rF+ rC- Str+3 Int+2}
 57070 | Elf:3    | Identified the +7 chain mail of the Circus Animal {rPois}
 57083 | Elf:3    | Identified the cursed +3 long sword of Fehaitawn {venom,
                  | rC+ MP+9 Stlth+}
 57136 | Elf:3    | Reached skill level 21 in Shields
 57181 | Elf:3    | Noticed Nikola
 57185 | Elf:3    | HP: 6/176 [deep elf sorcerer/bolt of acid (18)]
 57185 | Elf:3    | Splashed by a deep elf sorcerer's acid

Illustrated notes

Levels and vault maps discovered:
D:1:      minmay_arrival_widening_spiral_wide, layout_loops_corners,
          minmay_surrounded
D:2:      layout_loops_cross, okawaru_trees_1, kennysheep_doodads, uniq_robin
D:3:      layout_loops_ring, overflow_temple_1_default, lemuel_crystal_altar,
          nzn_wu_jian_council_hall, grunt_qazlal_clouds
D:4:      layout_basic, uniq_grinder, uniq_natasha
D:5:      layout_loops_ring, kennysheep_mini_moat
D:6:      layout_cave_pools, minmay_temple_entry_arrows, serial_shops, shop
D:7:      layout_cave_pods, minitemple
D:8:      layout_rooms, nicolae_overflow_hidden_temple, minmay_misc_feat_x,
          uniq_maggie, uniq_prince_ribbit1
D:9:      layout_grid_maze, due_lair_maze_entry_diamond, gammafunk_ghost_arena,
          enter_bailey_2, grunt_ministairs_14, grunt_tough_drop
D:10:     layout_rooms, minmay_starry_boxes, uniq_psyche
D:11:     layout_roguey, grunt_ministairs_7
D:12:     layout_gridville, orc_0_dummy, serial_shops,
          nicolae_shop_overgrown_old_shop, kennysheep_mini, shop, shop_statue,
          nicolae_shop_behind_doors, uniq_frances
D:13:     layout_loops_corners, gammafunk_ghost_icy, einodemon_crawler_minivault
D:14:     layout_cave_pools, erik_vaults_1, serial_undead, serial_undead_e,
          serial_undead_c, serial_undead_f, serial_undead_a, serial_undead_c,
          serial_undead_d, serial_undead_b, serial_undead_b, serial_undead_e,
          serial_undead_e, nicolae_water_bricks, uniq_snorg
D:15:     hangedman_depths_entry_civil_slaughter, layout_irregular_city,
          serial_co_window_serial, co_window_paths_a, co_window_corner_a,
          co_window_corner_a, co_window_cross_1, co_window_paths_b,
          co_window_corner_cb, co_window_corner_ca, co_window_unsneaky_path_a,
          glass_columns_c, glass_columns_b, glass_columns_a, glass_columns_c,
          gammafunk_ghost_abyssal_escape, lemuel_nasty_fountain
Lair:1:   layout_gridlike, cheibrodos_lair_caveside_slide, lemuel_oklob_altar,
          grunt_megastairs_3
Lair:2:   layout_roguey, grunt_forest_small_clearings, minivault_29,
          lemuel_fruit_fields, uniq_gastronok
Lair:3:   layout_regular_city, guppyfry_snake_entry_island, minivault_19,
          grunt_megastairs_4, minmay_lair_oklob_chamber
Lair:4:   layout_small_grid, minmay_shoals_entry_lonely_mermaid
Lair:5:   layout_cave_pods, dpeg_slime_entry_corner,
          chequers_serial_rivers_small_3, grunt_megastairs_2,
          lemuel_fruit_fields
Lair:6:   gammafunk_lair_ancient_temple, layout_layer_cave
Shoals:1: layout_shoals, uniq_donald
Shoals:2: layout_shoals, ldierk_geyser
Shoals:3: layout_shoals, uniq_ilsuiw
Shoals:4: shoals_end_grunt_ice, layout_shoals
Snake:1:  layout_grid_shapes, st_stairs_5
Snake:2:  layout_rooms, serial_bayou_lagoon_a
Snake:3:  layout_rooms, hangedman_snake_pattern, grunt_ministairs_1, uniq_kirke
Snake:4:  grunt_snake_rune_serpentine_throne, layout_grid_maze,
          lemuel_fruit_tree, minmay_shoptagon, uniq_asterion, uniq_aizul
Orc:1:    layout_caves, abandoned_shop, guppyfry_orc_lava_fort
Orc:2:    pf_orc_diabolical, layout_caves, serial_shops,
          nicolae_shop_statue_plus, basic_altar, uniq_nessos
Elf:1:    eino_elf_arrival_shootout, layout_gridlike, serial_shops, shop,
          minmay_elf_annihilation
Elf:2:    layout_geoelf_octagon, uniq_agnes
Elf:3:    grunt_elf_hall_branching, layout_geoelf_castle,
          infiniplex_enter_wizlab_water, serial_shops, nicolae_shop_statue_plus,
          uniq_nikola, uniq_louise
Vaults:1: nicolae_vaults_little_squares_6, ontoclasm_vaults_hangar,
          ontoclasm_vaults_decontamination, nicolae_vaults_big_ls,
          ontoclasm_vaults_ligature, layout_vaults_quadrants
Vaults:2: gammafunk_vaults_ghost_spectres, vaults_room_large_hall,
          v_alt_pattern_4, minmay_crypt_entry_simple_box, v_misc_33, v_misc_30,
          nicolae_vaults_ninety_degrees, ontoclasm_vaults_claustrophobia,
          nicolae_vaults_shelves_hall, v_rooms_3, vaults_dpeg_encased_lava,
          layout_vaults_maze_snakey, serial_shops, shop_coins
Vaults:3: nicolae_vaults_quadrants, ontoclasm_vaults_ring_large,
          hangedman_vaults_stretched_pinwheel, v_misc_25,
          nicolae_vaults_little_squares_3, nicolae_vaults_specimen_jars,
          nicolae_vaults_what_the_h, nicolae_vaults_gold_heap,
          nicolae_vaults_little_squares_6, vaults_mumra_hexcomb, v_misc_13,
          ontoclasm_vaults_twist, layout_vaults_omnicross, serial_shops,
          nicolae_shop_stone, nicolae_shop_overgrown_old_shop, shop_fountains,
          nicolae_shop_crystal, shop
Vaults:4: nicolae_vaults_circle_grid_a, hangedman_vaults_cutoff,
          vaults_room_fours, nicolae_vaults_hallways_thing, st_diamondy,
          v_misc_25, vaults_standard_mumra_x, vaults_room_semicircle,
          layout_vaults_chaotic_city, basic_altar, serial_shops, shop_fountains,
          uniq_frederick, uniq_xtahua
Vaults:5

Skill      XL: |  1  2  3  4  5  6  7  8  9 10 11 12 13 14 15 16 17 18 19 20 21 22 23 24 |
---------------+-------------------------------------------------------------------------+-----
Shields        | 4 5 6 7 9 10 11 12 13 14 15 16 17 18 19 20 21 | 21.0
Maces & Flails | 3 4 5 6 7 9 10 11 12 13 14 15 | 15.1
Armour         | 4 5 6 7 8 9 10 12 13 14 15 16 17 18 19 | 19.1
Fighting       | 4 5 6 7 8 9 10 12 13 14 15 16 17 18 19 | 19.1
Invocations    | 1 3 4 5 7 8 9 10 11 12 13 14 15 | 15.4
Spellcasting   | 2 4 5 6 7 8 9 |  9.0
Evocations     | 2 4 5 6 7 |  7.0
Air Magic      | 2 3 5 6 7 |  7.0
Transmutations | 2 4 5 6 7 |  7.0
Dodging        | 2 3 4 5 6 7 8 9 |  9.4
Translocations | 2 4 5 6 7 |  7.0
Earth Magic    | 2 |  2.1

Action                   |  1- 3 |  4- 6 |  7- 9 | 10-12 | 13-15 | 16-18 | 19-21 | 22-24 || total
-------------------------+-------+-------+-------+-------+-------+-------+-------+-------++-------
Melee: Flail             |   145 |       |   313 |    20 |       |       |       |       ||   478
       Whip              |    12 |   251 |   235 |       |       |       |       |       ||   498
       Morningstar       |       |       |       |   617 |       |       |       |       ||   617
       Demon whip        |       |       |       |   151 |  1843 |  2023 |  1221 |  1473 ||  6711
       Eveningstar       |       |       |       |       |       |       |   165 |       ||   165
Throw: Boomerang         |       |       |       |       |     1 |       |       |       ||     1
 Cast: Swiftness         |       |       |       |       |     1 |       |       |       ||     1
       Wereblood         |       |       |       |       |       |       |     3 |     2 ||     5
Invok: Finesse           |       |       |       |     2 |       |     1 |     4 |     3 ||    10
       Heroism           |       |       |       |     2 |       |     1 |     4 |     2 ||     9
 Abil: Evoke Blink       |       |       |       |       |     3 |     2 |       |       ||     5
       Blink             |       |       |       |       |     3 |     1 |     1 |       ||     5
       Fly               |       |       |       |       |     1 |       |       |       ||     1
       Stop Flying       |       |       |       |       |       |       |       |     1 ||     1
Evoke: Wand              |       |     7 |     2 |    16 |     3 |     8 |    23 |    16 ||    75
       Lightning rod     |       |       |       |       |       |     6 |     3 |     3 ||    12
       Phantom mirror    |       |       |       |       |       |     3 |     1 |       ||     4
  Use: Potion            |       |     1 |     3 |     2 |     1 |     6 |       |     2 ||    15
       Scroll            |       |       |     9 |     7 |    11 |    16 |     9 |     8 ||    60
 Stab: Invisible         |       |       |       |       |       |       |       |     2 ||     2
Armor: Scale mail        |   100 |    48 |       |       |       |       |       |       ||   148
       Plate armour      |       |   116 |   373 |   550 |   523 |   115 |   290 |    63 ||  2030
       Chain mail        |       |       |       |       |    79 |   730 |       |       ||   809
       Skin              |       |       |       |       |       |    11 |       |       ||    11
       Crystal plate arm |       |       |       |       |       |     1 |       |       ||     1
       Fire dragon scale |       |       |       |       |       |       |       |   151 ||   151
       Shadow dragon sca |       |       |       |       |       |       |       |     7 ||     7
Dodge: Dodged            |    48 |    72 |    99 |   195 |   264 |   461 |   146 |   171 ||  1456
Block: Kite shield       |    98 |   168 |   325 |   600 |   939 |  1546 |   167 |       ||  3843
       Reflection        |       |       |       |       |       |   105 |   134 |   110 ||   349
       Tower shield      |       |       |       |       |       |       |  1029 |  1043 ||  2072
